 Dungeon Crawl Stone Soup version 0.23.1-37-gaa34b87b72 (webtiles) character file.

Game seed: 14705501643644808116

33 JackerDeluxe the Chiller (level 3, 0/25 HPs)
             Began as a Merfolk Ice Elementalist on Mar 28, 2019.
             Splashed by a jelly's acid (2 damage)
             ... on level 2 of the Dungeon.
             The game lasted 00:08:14 (975 turns).

JackerDeluxe the Chiller (Merfolk Ice Elementalist)  Turns: 975, Time: 00:08:14

Health: 0/25       AC: -6    Str:  8    XL:     3   Next: 29%
Magic:  15/15      EV: 13    Int: 15    God:
Gold:   0          SH:  0    Dex: 14    Spells: 5/6 levels left

rFire    . . .     SeeInvis .   b - +0 short sword
rCold    . . .     Gourm    .   (no shield)
rNeg     . . .     Faith    .   a - +0 robe
rPois    .         Spirit   .   (no helmet)
rElec    .         Reflect  .   (no cloak)
rCorr    .         Harm     .   (no gloves)
MR       .....                  (no boots)
Stlth    ++........             i - amulet of regeneration
HPRegen  0.48/turn              m - ring of magical power
MPRegen  0.14/turn              (no ring)

@: corroded
A: change form in water, swift swim, stealthy swim
a: no special abilities


You were on level 2 of the Dungeon.
You were hungry.

You visited 1 branch of the dungeon, and saw 2 of its levels.

Inventory:

Hand Weapons
 b - a +0 short sword (weapon)
Missiles
 d - 62 stones (quivered)
 k - 3 large rocks
 p - 31 arrows
Armour
 a - a +0 robe (worn)
 l - a +0 leather armour
Jewellery
 i - an amulet of regeneration (around neck)
 m - a ring of magical power (left hand)
Scrolls
 e - a scroll of magic mapping {unknown}
 f - 2 scrolls of fear {unknown}
 h - a scroll of remove curse {unknown}
 j - a scroll of amnesia {unknown}
Potions
 n - a potion of flight {unknown}
 o - 2 potions of might {unknown}
 q - a potion of heal wounds {unknown}
Comestibles
 c - a ration
 g - a chunk of flesh


   Skills:
 + Level 0.3 Fighting
 + Level 1.0 Short Blades
 + Level 3.5 Dodging
 + Level 2.3 Stealth
 + Level 2.3 Spellcasting
   Level 0.7 Conjurations
 + Level 3.7 Ice Magic


You had 5 spell levels left.
You knew the following spells:

 Your Spells              Type           Power        Failure   Level  Hunger
a - Freeze                Ice            ##..         4%          1    #......

Your spell library contained the following spells:

 Spells                   Type           Power        Failure   Level  Hunger
 Throw Frost              Conj/Ice       #.....       13%         2    ###....
 Ozocubu's Armour         Chrm/Ice       #.......     30%         3    ###....
 Throw Icicle             Conj/Ice       #.......     65%         4    #####..
 Summon Ice Beast         Ice/Summ       #.......     69%         4    #####..


Dungeon Overview and Level Annotations

Branches:
Dungeon (2/15)

Altars:


Message History

You hit the goblin.
You kill the goblin!
You are feeling hungry.
You hit the jelly.
Your hands burn!
The jelly is moderately wounded.
The jelly hits you but does no damage.
You hit the jelly. The acid corrodes you!
Your hands burn!
The jelly is moderately wounded.
The jelly hits you. The acid corrodes you!
You are splashed with acid.
You hit the jelly.
Your hands burn!
The jelly is moderately wounded.
The jelly hits you.
You are splashed with acid!
* * * LOW HITPOINT WARNING * * *
An adder comes into view.
The adder hisses angrily.
You hear an angry hiss.
An adder comes into view.
The jelly completely misses you.
A rat comes into view.
You hit the jelly but do no damage.
Your hands burn!
You die...

....... ##......#
......... # #S......#
##.# #.......#
.....##........
....r..S......# #@#
#... #J# #..# ..# ##
#.# #..# . #.. .. #.#
#J.# . ... .###.##)#
#..# # #.#
..........####..####.#
# ...
...###...........?....
# #.# #..#
#########..###### #
#.# #..# #..#


You could see a jelly, 2 adders and a rat (sleeping).

Vanquished Creatures
  A dart slug (D:1)
  3 leopard geckos (D:1)
  5 bats (D:1)
  A goblin (D:2)
  4 hobgoblins (D:1)
  2 jackals (D:1)
  4 kobolds (D:1)
  2 frilled lizards (D:1)
  5 rats (D:1)
27 creatures vanquished.

Notes
Turn   | Place    | Note
-------+----------+-------------------------------------------
     0 | D:1      | JackerDeluxe the Merfolk Ice Elementalist began the quest
                  | for the Orb.
     0 | D:1      | Reached XP level 1. HP: 13/13 MP: 3/3
   258 | D:1      | Reached XP level 2. HP: 18/19 MP: 5/5
   681 | D:1      | Reached XP level 3. HP: 17/24 MP: 6/6
   785 | D:1      | Reached skill level 1 in Short Blades
   971 | D:2      | HP: 1/25 [acid (8)]
   975 | D:2      | Splashed by a jelly's acid

Skill      XL: |  1  2  3 |
---------------+----------+-----
Dodging        | 3 |  3.5
Short Blades   | 1 |  1.0
Fighting       | |  0.3
Stealth        | |  2.3
Spellcasting   | |  2.3
Conjurations   | |  0.7
Ice Magic      | |  3.7

Action                   || total
-------------------------++-------
Melee: Short sword       ||   110
 Cast: Freeze            ||     7
 Stab: Sleeping          ||     1
Armor: Robe              ||    29
Dodge: Dodged            ||   113
